 Dungeon Crawl Stone Soup version 0.30-a0-782-ge64f9170bb (webtiles) character file.

Game seed: 13712386831873715499

427 theswoord the Shooter (level 6, -3/33 HPs)
             Began as a Deep Elf Hexslinger on Mar 16, 2023.
             Killed from afar by Ijyb (20 damage)
             ... with a bolt of acid
             ... on level 4 of the Dungeon.
             The game lasted 00:05:42 (2942 turns).

theswoord the Shooter (Deep Elf Hexslinger)         Turns: 2942, Time: 00:05:43

Health: -3/33      AC:  1    Str:  9    XL:     6   Next: 65%
Magic:  10/10      EV: 12    Int: 22    God:
Gold:   292        SH:  0    Dex: 15    Spells: 4/8 levels left

rFire   . . .      SeeInvis .    a - +2 sling
rCold   . . .      Faith    .    (no shield)
rNeg    . . .      Spirit   .    s - +0 robe "Fycaoq" {Int+4}
rPois   .          Reflect  .    (no helmet)
rElec   .          Harm     .    (no cloak)
rCorr   .          Rampage  .    m - +0 pair of gloves
Will    .....                    f - +1 pair of boots
Stlth   +                        l - amulet of magic regeneration
HPRegen 0.25/turn                (no ring)
MPRegen 0.52/turn                (no ring)

@: corroded
A: no striking features
a: no special abilities


You were on level 4 of the Dungeon.
You visited 1 branch of the dungeon, and saw 4 of its levels.

You collected 292 gold pieces.

Inventory:

Hand Weapons
 a - a +2 sling (weapon)
Armour
 c - a +0 robe
 f - a +1 pair of boots (worn)
 m - a +0 pair of gloves (worn)
 s - the +0 robe "Fycaoq" (worn) {Int+4}
   (You found it on level 3 of the Dungeon)

   Int:       It affects your intelligence (+4).
Jewellery
 l - an amulet of magic regeneration (around neck)
Scrolls
 b - a scroll of poison
 j - a scroll of amnesia
 p - a scroll of enchant armour
Potions
 d - 2 potions of curing
 e - 2 potions of cancellation {unknown}
 g - a potion of might {unknown}
 h - 2 potions of magic {unknown}
 i - a potion of lignification
 k - a potion of brilliance {unknown}
 n - a potion of mutation {unknown}
 o - a potion of haste {unknown}
 r - a potion of berserk rage {unknown}


   Skills:
 - Level 0.7 Fighting
 + Level 6.9 Ranged Weapons
 - Level 2.4 Dodging
 - Level 1.5 Spellcasting
 - Level 4.0 Hexes
 + Level 5.2 Translocations


You had 4 spell levels left.
You knew the following spells:

 Your Spells              Type           Power      Damage    Failure   Level
a - Slow                  Hex            76%        N/A       2%          1
b - Portal Projectile     Hex/Tloc       42%        N/A       7%          3

Your spell library contained the following spells:

 Spells                   Type           Power      Damage    Failure   Level
 Inner Flame              Hex/Fire       10%        N/A       19%         3
 Cause Fear               Hex            9%         N/A       28%         4
 Hailstorm                Conj/Ice       1%         3d3       41%         3
 Ice Form                 Ice/Tmut       1%         N/A       82%         4
 Simulacrum               Ice/Necr       0%         N/A       100%        6


Dungeon Overview and Level Annotations

Branches:
Dungeon (4/15)
 Temple: D:4-7

Altars:
Elyvilon
Makhleb
Vehumet

Shops:
D:1 [   D:3 [

Annotations:
D:4 Ijyb


Message History

No target in view!
No target in view!
There is an open door here.
A goblin comes into view. It is wielding a +0 dagger.
You shoot a sling bullet. The sling bullet hits the goblin.
The goblin shouts!
You shoot a sling bullet. The sling bullet hits the goblin.
You kill the goblin!
No target in view!
No target in view!
Things that are here:
a +0 dagger; a goblin corpse
Things that are here:
a +0 dagger; a goblin corpse Ijyb the Twisted Goblin comes into view.
She is wielding a +0 club and carrying a wand of acid (7).
Ijyb shouts!
Aim: Ijyb, wielding a +0 club, wearing a +0 leather armour and carrying a wand of acid (7) (chance to affect: 61%) Ijyb seems to slow down.
You shoot a sling bullet. The sling bullet hits Ijyb.
You shoot a sling bullet. The sling bullet hits Ijyb.
You shoot a sling bullet. The sling bullet misses Ijyb.
You shoot a sling bullet. The sling bullet closely misses Ijyb.
You shoot a sling bullet. The sling bullet hits Ijyb.
You shoot a sling bullet. The sling bullet closely misses Ijyb.
You shoot a sling bullet. The sling bullet closely misses Ijyb.
You shoot a sling bullet. The sling bullet hits Ijyb!
Ijyb zaps a wand.
The bolt of acid misses you.
You shoot a sling bullet. The sling bullet closely misses Ijyb.
You shoot a sling bullet.
The sling bullet hits Ijyb but does no damage.
Ijyb zaps a wand.
The bolt of acid hits you! The acid corrodes you!
You shoot a sling bullet.
The sling bullet hits Ijyb but does no damage.
Ijyb hits you with a +0 club.
* * * LOW HITPOINT WARNING * * *
You shoot a sling bullet. The sling bullet barely misses Ijyb.
You shoot a sling bullet. The sling bullet barely misses Ijyb.
Ijyb zaps a wand.
The bolt of acid hits you!!
Ouch! That really hurt!
You die...

###########
#.........#
#.#######.# #.#
#)# #.#
#####.#########..
#.#
#........@g......
#.#
#.###.########..#
#.# #.# #.#
#.###.###.#
#.........#
#####.#####
####.####
#.......# ###
#.......# ##+##
#..


You could see Ijyb (slow).

Vanquished Creatures
  Grinder (D:3)
  A crimson imp (D:3)
  A jelly (D:2)
  2 iguanas (D:3)
  3 adders
  An ufetubus (D:4)
  2 worms (D:3)
  A dart slug (D:3)
  5 orcs
  4 ball pythons
  10 bats
  10 endoplasms
  4 giant cockroaches
  5 goblins
  8 hobgoblins
  2 quokkas
  2 frilled lizards
  6 kobolds
  6 rats
74 creatures vanquished.

Vanquished Creatures (others)
  4 demonic plants (D:4)
  11 plants (D:1)
15 creatures vanquished.

Grand Total: 89 creatures vanquished

Notes
Turn   | Place    | Note
-------+----------+-------------------------------------------
     0 | D:1      | theswoord the Deep Elf Hexslinger began the quest for the
                  | Orb.
     0 | D:1      | Reached XP level 1. HP: 11/11 MP: 5/5
    95 | D:1      | Reached skill level 3 in Ranged Weapons
   172 | D:1      | Reached skill level 1 in Translocations
   182 | D:1      | Reached XP level 2. HP: 16/16 MP: 6/6
   387 | D:1      | Found Figynock's Antique Armour Shoppe.
   745 | D:2      | Reached skill level 4 in Ranged Weapons
   745 | D:2      | Reached XP level 3. HP: 20/20 MP: 7/7
   749 | D:2      | Learned a level 3 spell: Portal Projectile
  1006 | D:2      | Reached XP level 4. HP: 24/24 MP: 8/8
  1488 | D:3      | Reached skill level 5 in Ranged Weapons
  1637 | D:3      | Reached XP level 5. HP: 25/28 MP: 9/9
  1754 | D:3      | Found a white marble altar of Elyvilon.
  1899 | D:3      | Found Apirroot's Antique Armour Boutique.
  2035 | D:3      | Noticed Grinder
  2048 | D:3      | Paralysed by Grinder for 3 turns
  2058 | D:3      | Paralysed by Grinder for 4 turns
  2064 | D:3      | Paralysed by Grinder for 3 turns
  2069 | D:3      | Killed Grinder
  2070 | D:3      | Reached skill level 6 in Ranged Weapons
  2070 | D:3      | Reached XP level 6. HP: 32/33 MP: 10/10
  2206 | D:3      | Identified the +0 robe "Fycaoq" {Int+4}
  2423 | D:3      | Found a burning altar of Makhleb.
  2423 | D:3      | Found a radiant altar of Vehumet.
  2457 | D:3      | Reached skill level 5 in Translocations
  2928 | D:4      | Noticed Ijyb
  2942 | D:4      | Killed from afar by Ijyb

Skill      XL: |  1  2  3  4  5  6 |
---------------+-------------------+-----
Ranged Weapons | 3 4 5 6 |  6.9
Translocations | 1 2 3 4 5 |  5.2
Fighting       | |  0.7
Dodging        | |  2.4
Spellcasting   | |  1.5
Hexes          | |  4.0

Action                     |  1- 3 |  4- 6 || total
---------------------------+-------+-------++-------
   Fire: Sling             |   112 |   236 ||   348
   Cast: Slow              |       |     5 ||     5
    Use: Scroll            |     6 |     2 ||     8
         Potion            |       |     1 ||     1
 Armour: Robe              |    14 |    31 ||    45
         Skin              |       |    31 ||    31
  Dodge: Dodged            |    38 |    67 ||   105

Levels and vault maps discovered:
D:1:      roderic_crop_circles_arrival_small, layout_basic, serial_shops, shop
D:2:      layout_loops_ring, minmay_puff
D:3:      layout_loops_ring, grunt_temple_overflow_lords_of_destruction,
          elyvilon_altar_3, serial_shops, shop_coins, uniq_grinder
D:4:      layout_loops_corners, serial_demonic, serial_demonic_a,
          serial_demonic_b, serial_demonic_c, serial_demonic_g, uniq_ijyb
